[Event "-chT Youth Countries 2019"]
[Site "Wuerzburg"]
[Date "2019.10.03"]
[Round "3.1"]
[White "Muckle, Julius"]
[Black "Fromm, Marius"]
[Result "1/2-1/2"]
[ECO "D37"]
[WhiteElo "2398"]
[BlackElo "2124"]
[Annotator "NA"]
[PlyCount "44"]
[EventDate "2019.10.02"]
[EventType "team-tourn"]
[EventRounds "7"]
[EventCountry "GER"]
[SourceTitle "playchess.com"]
[Source "ChessBase"]
[SourceQuality "1"]
[WhiteTeam "Rheinland-Pfalz"]
[BlackTeam "Mecklenburg-Vorpommern"]
[TimeControl "40/5400+30:1800+30"]

1. d4 Nf6 2. c4 e6 3. Nc3 d5 4. Nf3 dxc4 5. e3 a6 6. a4 c5 7. Bxc4 Nc6 8. O-O Be7 9. Qe2 cxd4 10. Rd1 e5 11. exd4 exd4 12. Nxd4 Nxd4 13. Qe5 Qd6 14. Qxd6 Bxd6 15. Rxd4 Be5 16. Rd1 O-O 17. Bg5 Bf5 18. Nd5 Nxd5 19. Rxd5 Be6 20. Rxe5 Bxc4 21. Re7 Bd5 22. b4 Bc6 {[%emt 0:02:05] normal} 1/2-1/2

[Event "-chT Youth Countries 2019"]
[Site "Wuerzburg"]
[Date "2019.10.03"]
[Round "3.1"]
[White "Faerber, David"]
[Black "Degenhard, Simon"]
[Result "1/2-1/2"]
[ECO "E11"]
[WhiteElo "2332"]
[BlackElo "2084"]
[Annotator "ChessBase"]
[PlyCount "63"]
[EventDate "2019.10.02"]
[EventType "team-tourn"]
[EventRounds "7"]
[EventCountry "GER"]
[SourceTitle "playchess.com"]
[Source "ChessBase"]
[SourceQuality "1"]
[WhiteTeam "Baden 2"]
[BlackTeam "Württemberg"]
[TimeControl "40/5400+30:1800+30"]

1. d4 e6 2. c4 Nf6 3. Nf3 Bb4+ 4. Bd2 c5 5. g3 O-O 6. Bg2 d6 7. O-O Nc6 8. a3 Bxd2 9. Qxd2 Qb6 10. Rd1 Rd8 11. d5 Na5 12. Qc2 Qb3 13. Qxb3 Nxb3 14. Ra2 exd5 15. cxd5 Re8 16. Nc3 a6 17. a4 Bf5 18. a5 Re7 19. e3 Rb8 20. Ne1 b5 21. axb6 Rxb6 22. Bf1 a5 23. Bc4 Reb7 24. f3 Nd7 25. g4 Bg6 26. f4 f5 27. h3 Rb4 28. Bxb3 Rxb3 29. Rxa5 Rxb2 30. Ra6 R7b6 31. Rda1 R2b3 32. Ra8+ {[%emt 0:01:26] normal} 1/2-1/2

[Event "-chT Youth Countries 2019"]
[Site "Wuerzburg"]
[Date "2019.10.03"]
[Round "3.1"]
[White "Herbrig, Alexander"]
[Black "Svane, Frederik"]
[Result "0-1"]
[ECO "B90"]
[WhiteElo "2295"]
[BlackElo "2360"]
[Annotator "ChessBase"]
[PlyCount "61"]
[EventDate "2019.10.02"]
[EventType "team-tourn"]
[EventRounds "7"]
[EventCountry "GER"]
[SourceTitle "playchess.com"]
[Source "ChessBase"]
[SourceQuality "1"]
[WhiteTeam "Sachsen"]
[BlackTeam "Schleswig-Holstein"]
[TimeControl "40/5400+30:1800+30"]

1. e4 c5 2. Nf3 d6 3. d4 cxd4 4. Nxd4 Nf6 5. Nc3 a6 6. Be3 e6 7. Bd3 b5 8. a3 Bb7 9. O-O Nbd7 10. f4 Rc8 11. Qf3 Be7 12. Qg3 O-O 13. e5 dxe5 14. fxe5 Nh5 15. Qh3 g6 16. Rad1 Bc5 17. Be4 Qc7 18. Bxb7 Qxb7 19. Kh1 Nxe5 20. Nxe6 fxe6 21. Qxe6+ Nf7 22. Bxc5 Rxc5 23. Nd5 Kh8 24. Qe4 Ng7 25. Qd4 Rc4 26. Qd3 Nf5 27. Rxf5 gxf5 28. Qxf5 Qc6 29. Nf6 Rh4 30. Nd7 Rg8 31. Rd2 {[%emt 0:00:42] normal} 0-1

[Event "-chT Youth Countries 2019"]
[Site "Wuerzburg"]
[Date "2019.10.03"]
[Round "3.1"]
[White "Browning, Alex"]
[Black "Roseneck, Jonas"]
[Result "1/2-1/2"]
[ECO "A05"]
[WhiteElo "2291"]
[BlackElo "2402"]
[Annotator "ChessBase"]
[PlyCount "83"]
[EventDate "2019.10.02"]
[EventType "team-tourn"]
[EventRounds "7"]
[EventCountry "GER"]
[SourceTitle "playchess.com"]
[Source "ChessBase"]
[SourceQuality "1"]
[WhiteTeam "Nordrhein-Westfalen"]
[BlackTeam "Sachsen-Anhalt"]
[TimeControl "40/5400+30:1800+30"]

1. Nf3 Nf6 2. g3 g6 3. Bg2 Bg7 4. O-O d5 5. d4 O-O 6. c4 dxc4 7. Na3 c3 8. bxc3 c5 9. Re1 Nc6 10. Bb2 Qb6 11. Nc4 Qa6 12. Ncd2 Nd5 13. e4 Nb6 14. a4 cxd4 15. cxd4 Bg4 16. h3 Nc4 17. Nxc4 Bxf3 18. Bxf3 Qxc4 19. Rc1 Qa6 20. e5 Rfd8 21. d5 Nb4 22. Be4 Nxd5 23. Bxd5 e6 24. Qf3 Rxd5 25. Rc7 Rf8 26. Ba3 Qa5 27. Rec1 Bxe5 28. Rxb7 Bd6 29. Bxd6 Rxd6 30. Rc8 Rdd8 31. Rxd8 Qxd8 32. Rxa7 Qd4 33. Ra8 Rxa8 34. Qxa8+ Kg7 35. a5 e5 36. Qa6 e4 37. Qb6 Qd1+ 38. Kh2 Qe2 39. Qd4+ Kg8 40. h4 Qa2 41. Qd8+ Kg7 42. Kg1 {[%emt 0:00:12] normal} 1/2-1/2

[Event "-chT Youth Countries 2019"]
[Site "Wuerzburg"]
[Date "2019.10.03"]
[Round "3.1"]
[White "Polster, Christian"]
[Black "Lagunow, Raphael"]
[Result "1/2-1/2"]
[ECO "D02"]
[WhiteElo "2279"]
[BlackElo "2438"]
[Annotator "ChessBase"]
[PlyCount "52"]
[EventDate "2019.10.02"]
[EventType "team-tourn"]
[EventRounds "7"]
[EventCountry "GER"]
[SourceTitle "playchess.com"]
[Source "ChessBase"]
[SourceQuality "1"]
[WhiteTeam "Niedersachsen"]
[BlackTeam "Berlin"]
[TimeControl "40/5400+30:1800+30"]

1. d4 d5 2. Nf3 Nf6 3. Bf4 c5 4. e3 Nc6 5. Nbd2 e6 6. c3 cxd4 7. exd4 Nh5 8. Be3 Bd6 9. Ne5 g6 10. Nd3 Ng7 11. Bf4 f6 12. Bxd6 Qxd6 13. f4 O-O 14. Nf3 b6 15. Qd2 Ba6 16. O-O-O Na5 17. b3 Nf5 18. g4 Qa3+ 19. Kb1 Nd6 20. Qb2 Qxb2+ 21. Kxb2 Ne4 22. Nb4 Bxf1 23. Rhxf1 Rac8 24. Rd3 Nb7 25. Na6 Nbd6 26. Nd2 Nxd2 {[%emt 0:14:11] normal} 1/2-1/2

[Event "-chT Youth Countries 2019"]
[Site "Wuerzburg"]
[Date "2019.10.03"]
[Round "3.1"]
[White "Weihrauch, Jakob"]
[Black "Vuckovic, Zarko"]
[Result "0-1"]
[ECO "B33"]
[WhiteElo "2167"]
[BlackElo "2253"]
[Annotator "NA"]
[PlyCount "32"]
[EventDate "2019.10.02"]
[EventType "team-tourn"]
[EventRounds "7"]
[EventCountry "GER"]
[SourceTitle "playchess.com"]
[Source "ChessBase"]
[SourceQuality "1"]
[WhiteTeam "Hamburg/Schleswig-Holstein"]
[BlackTeam "Bayern 1"]
[TimeControl "40/5400+30:1800+30"]

1. e4 c5 2. Nf3 Nc6 3. d4 cxd4 4. Nxd4 Nf6 5. Nc3 e6 6. Ndb5 Bc5 7. Bf4 O-O 8. e5 a6 9. exf6 Qxf6 10. Bg3 axb5 11. Ne4 Qxb2 12. Nxc5 Qc3+ 13. Qd2 Qxa1+ 14. Ke2 Rxa2 15. Ke3 Qb1 16. Bc4 Ra3+ {[%emt 0:00:05] normal} 0-1

[Event "-chT Youth Countries 2019"]
[Site "Wuerzburg"]
[Date "2019.10.03"]
[Round "3.2"]
[White "Koelle, Tobias"]
[Black "Riehle, Marco"]
[Result "1/2-1/2"]
[ECO "D32"]
[WhiteElo "2281"]
[BlackElo "2309"]
[Annotator "NA"]
[PlyCount "81"]
[EventDate "2019.10.02"]
[EventType "team-tourn"]
[EventRounds "7"]
[EventCountry "GER"]
[SourceTitle "playchess.com"]
[Source "ChessBase"]
[SourceQuality "1"]
[WhiteTeam "Württemberg"]
[BlackTeam "Baden 2"]
[TimeControl "40/5400+30:1800+30"]

1. d4 d5 2. c4 e6 3. Nc3 c5 4. cxd5 cxd4 5. Qa4+ Bd7 6. Qxd4 exd5 7. Qxd5 Nf6 8. Qd1 Nc6 9. e3 Bc5 10. Nf3 Qe7 11. Bb5 O-O-O 12. Qe2 g5 13. O-O a6 14. Bxc6 Bxc6 15. Nd4 Bxd4 16. exd4 Qxe2 17. Nxe2 h6 18. Be3 Rhe8 19. Ng3 Be4 20. Rfe1 Bg6 21. f3 Nd5 22. Bd2 f5 23. Rxe8 Rxe8 24. Re1 Rxe1+ 25. Bxe1 Kd7 26. Ne2 Bf7 27. a3 Kc6 28. Nc3 Ne3 29. Bd2 Nc2 30. h4 gxh4 31. Bxh6 Nxd4 32. Be3 Ne6 33. Kh2 Nc5 34. Kh3 Nd3 35. b4 Ne1 36. Bd2 Nc2 37. Bc1 Ne1 38. Kxh4 Nxg2+ 39. Kg5 Ne1 40. Kxf5 Nxf3 41. Ke4 {normal} 1/2-1/2

[Event "-chT Youth Countries 2019"]
[Site "Wuerzburg"]
[Date "2019.10.03"]
[Round "3.2"]
[White "Schmider, Niklas"]
[Black "Koehler, Lukas"]
[Result "1/2-1/2"]
[ECO "C42"]
[WhiteElo "2261"]
[BlackElo "2040"]
[Annotator "NA"]
[PlyCount "151"]
[EventDate "2019.10.02"]
[EventType "team-tourn"]
[EventRounds "7"]
[EventCountry "GER"]
[SourceTitle "playchess.com"]
[Source "ChessBase"]
[SourceQuality "1"]
[WhiteTeam "Baden 1"]
[BlackTeam "Bayern 2"]
[TimeControl "40/5400+30:1800+30"]

1. e4 e5 2. Nf3 Nf6 3. Nxe5 d6 4. Nf3 Nxe4 5. c4 Be7 6. d4 O-O 7. Bd3 Nf6 8. d5 Na6 9. O-O Bg4 10. Nc3 Nc5 11. Be2 a5 12. Be3 Nfd7 13. Rc1 Re8 14. b3 Bf6 15. Re1 h6 16. Qd2 Ne4 17. Nxe4 Rxe4 18. Qc2 Re8 19. Nd4 Bxe2 20. Rxe2 Bxd4 21. Bxd4 Rxe2 22. Qxe2 Qg5 23. Re1 b6 24. h3 Nf6 25. Qf3 Re8 26. Rxe8+ Nxe8 27. g3 Qg6 28. Kg2 Kf8 29. h4 Qb1 30. Qe2 Qf5 31. Qb2 Qe4+ 32. f3 Qf5 33. a3 Qd3 34. Kf2 a4 35. Qc3 Qxc3 36. Bxc3 axb3 37. Ke2 Ke7 38. Kd2 Nf6 39. Bd4 h5 40. Kc3 Ne8 41. Kxb3 Kd7 42. Ka4 c5 43. Bc3 Kc7 44. Kb3 Kd7 45. a4 g6 46. a5 bxa5 47. Ka4 Kc8 48. Kxa5 Kb7 49. Ka4 Kc8 50. Kb3 Kd7 51. Kc2 Ke7 52. Kd3 f6 53. Ke4 Kf7 54. g4 Ng7 55. Kf4 Ne8 56. Ba5 Ke7 57. Bb6 Ng7 58. Ba5 Ne8 59. Bd2 Ng7 60. Kg3 Kf7 61. Bf4 Ke7 62. Bh6 Ne8 63. Kf4 Kf7 64. Ke4 Ke7 65. Kf4 Kf7 66. Kg3 Ke7 67. Bc1 Kf7 68. Bb2 Ng7 69. Kf2 Ne8 70. Ke3 Ke7 71. Kd3 Nc7 72. Ke4 Ne8 73. Bc3 Kf7 74. Kd3 Ke7 75. Bd2 Kd7 76. Bh6 {[%emt 0:00:43] normal} 1/2-1/2

[Event "-chT Youth Countries 2019"]
[Site "Wuerzburg"]
[Date "2019.10.03"]
[Round "3.2"]
[White "Sieber, Fiona"]
[Black "Niermann, Tristan"]
[Result "1/2-1/2"]
[ECO "C77"]
[WhiteElo "2252"]
[BlackElo "2227"]
[Annotator "NA"]
[PlyCount "40"]
[EventDate "2019.10.02"]
[EventType "team-tourn"]
[EventRounds "7"]
[EventCountry "GER"]
[SourceTitle "playchess.com"]
[Source "ChessBase"]
[SourceQuality "1"]
[WhiteTeam "Sachsen-Anhalt"]
[BlackTeam "Nordrhein-Westfalen"]
[TimeControl "40/5400+30:1800+30"]

1. e4 e5 2. Nf3 Nc6 3. Bb5 a6 4. Ba4 Nf6 5. Qe2 b5 6. Bb3 Bc5 7. O-O O-O 8. c3 d5 9. d3 h6 10. Nbd2 Re8 11. Re1 Be6 12. h3 Qd7 13. Nf1 Rad8 14. Ng3 Bb6 15. Nh4 Bxh3 16. exd5 Na5 17. gxh3 Qxh3 18. Nhf5 Ng4 19. Be3 Qh2+ 20. Kf1 Qh3+ {[%emt 0:00:54] normal} 1/2-1/2

[Event "-chT Youth Countries 2019"]
[Site "Wuerzburg"]
[Date "2019.10.03"]
[Round "3.2"]
[White "Schneider, Jana"]
[Black "Holinka, Henning"]
[Result "1-0"]
[ECO "B06"]
[WhiteElo "2240"]
[BlackElo "2101"]
[Annotator "ChessBase"]
[PlyCount "75"]
[EventDate "2019.10.02"]
[EventType "team-tourn"]
[EventRounds "7"]
[EventCountry "GER"]
[SourceTitle "playchess.com"]
[Source "ChessBase"]
[SourceQuality "1"]
[WhiteTeam "Bayern 1"]
[BlackTeam "Hamburg/Schleswig-Holstein"]
[TimeControl "40/5400+30:1800+30"]

1. e4 g6 2. d4 Bg7 3. Nc3 d6 4. Be3 a6 5. Qd2 b5 6. h4 Nf6 7. f3 h5 8. O-O-O c6 9. Nh3 Bxh3 10. Rxh3 Nbd7 11. Kb1 Nb6 12. Bd3 Qc7 13. f4 Ng4 14. e5 b4 15. Ne4 Nd5 16. Bg1 Bh6 17. Ng5 e6 18. Rf3 Rb8 19. Ka1 O-O 20. Be4 Nb6 21. Qd3 Bxg5 22. hxg5 Kg7 23. Rg3 d5 24. Bf3 a5 25. Bxg4 hxg4 26. Rxg4 a4 27. Rh4 b3 28. cxb3 axb3 29. axb3 Ra8+ 30. Kb1 Qa7 31. Bf2 Qa2+ 32. Kc2 Rfb8 33. Rh7+ Kf8 34. Qc3 Nc4 35. bxc4 dxc4 36. Rh8+ Kg7 37. Rxb8 Rxb8 38. Qa3 {[%emt 0:00:20] normal} 1-0

[Event "-chT Youth Countries 2019"]
[Site "Wuerzburg"]
[Date "2019.10.03"]
[Round "3.2"]
[White "Lange, Jannis"]
[Black "Karsay, Pascal"]
[Result "0-1"]
[ECO "C78"]
[WhiteElo "2080"]
[BlackElo "2276"]
[Annotator "ChessBase"]
[PlyCount "62"]
[EventDate "2019.10.02"]
[EventType "team-tourn"]
[EventRounds "7"]
[EventCountry "GER"]
[SourceTitle "playchess.com"]
[Source "ChessBase"]
[SourceQuality "1"]
[WhiteTeam "Mecklenburg-Vorpommern"]
[BlackTeam "Rheinland-Pfalz"]
[TimeControl "40/5400+30:1800+30"]

1. e4 e5 2. Nf3 Nc6 3. Bb5 a6 4. Ba4 Nf6 5. O-O b5 6. Bb3 Bc5 7. c3 d6 8. d3 h6 9. h3 O-O 10. Re1 Re8 11. Nbd2 Bb6 12. Nf1 Ne7 13. d4 Ng6 14. Ng3 Bb7 15. d5 c6 16. dxc6 Bxc6 17. Be3 Bc7 18. Qc2 Qb8 19. c4 Qb7 20. Bd2 Rac8 21. Rac1 Bb8 22. Qb1 Nf4 23. cxb5 axb5 24. Bb4 d5 25. exd5 N6xd5 26. Bxd5 Bxd5 27. Rxc8 Rxc8 28. Nxe5 Bxg2 29. Qf5 Nxh3+ 30. Kh2 Ng5 31. Rd1 Bxe5 {[%emt 0:00:38] normal} 0-1

[Event "-chT Youth Countries 2019"]
[Site "Wuerzburg"]
[Date "2019.10.03"]
[Round "3.3"]
[White "Weber, Samuel"]
[Black "Grund, Sebastian"]
[Result "1-0"]
[ECO "B30"]
[WhiteElo "2288"]
[BlackElo "2054"]
[Annotator "NA"]
[PlyCount "115"]
[EventDate "2019.10.02"]
[EventType "team-tourn"]
[EventRounds "7"]
[EventCountry "GER"]
[SourceTitle "playchess.com"]
[Source "ChessBase"]
[SourceQuality "1"]
[WhiteTeam "Hessen"]
[BlackTeam "Thüringen"]
[TimeControl "40/5400+30:1800+30"]

1. e4 c5 2. Nf3 Nc6 3. g3 g6 4. Bg2 Bg7 5. O-O d6 6. d3 e5 7. Nc3 Nge7 8. Nd2 O-O 9. Nc4 a6 10. a4 Be6 11. Nd5 Bxd5 12. exd5 Na5 13. Ne3 b5 14. Bd2 Nb7 15. a5 f5 16. Qe2 f4 17. gxf4 exf4 18. Nd1 Nf5 19. c3 Qh4 20. Qf3 Be5 21. Qh3 Qe7 22. Re1 Qg7 23. Be4 Rae8 24. Kh1 Nd8 25. f3 Nh6 26. Nf2 Ndf7 27. Rg1 Qf6 28. Qh5 Kh8 29. Qh3 Rg8 30. Rg2 Rg7 31. Rag1 Reg8 32. Be1 Nf5 33. Ng4 Qe7 34. Bxf5 gxf5 35. Nxe5 Qxe5 36. Rxg7 Rxg7 37. Rxg7 Kxg7 38. Qg2+ Kf8 39. Bh4 Qe3 40. Bf6 Qe1+ 41. Qg1 Qxg1+ 42. Kxg1 Ne5 43. Bxe5 dxe5 44. b3 b4 45. c4 h5 46. Kg2 Kf7 47. Kh3 Ke7 48. Kh4 Kf6 49. d6 Ke6 50. Kg5 e4 51. dxe4 fxe4 52. Kxf4 exf3 53. Kxf3 Kxd6 54. Kf4 h4 55. Kf5 Kd7 56. Ke5 Kc6 57. Ke6 h3 58. Ke5 {[%emt 0:00:00] normal} 1-0

[Event "-chT Youth Countries 2019"]
[Site "Wuerzburg"]
[Date "2019.10.03"]
[Round "3.3"]
[White "Musiolik, David"]
[Black "Schmekel, Florian"]
[Result "0-1"]
[ECO "B34"]
[WhiteElo "2195"]
[BlackElo "2102"]
[Annotator "NA"]
[PlyCount "88"]
[EventDate "2019.10.02"]
[EventType "team-tourn"]
[EventRounds "7"]
[EventCountry "GER"]
[SourceTitle "playchess.com"]
[Source "ChessBase"]
[SourceQuality "1"]
[WhiteTeam "Rheinland-Pfalz"]
[BlackTeam "Mecklenburg-Vorpommern"]
[TimeControl "40/5400+30:1800+30"]

1. e4 c5 2. Nf3 Nc6 3. d4 cxd4 4. Nxd4 g6 5. Nc3 Bg7 6. Be3 Nf6 7. Be2 O-O 8. Nb3 d6 9. f4 a5 10. a4 Bd7 11. Bf3 Qc8 12. Nd5 Nxd5 13. exd5 Nb4 14. c3 Bxc3+ 15. bxc3 Qxc3+ 16. Ke2 Qc4+ 17. Kf2 Nd3+ 18. Kg1 Nb2 19. Qd4 Qxb3 20. Rb1 Qxa4 21. Qxb2 b5 22. Ra1 Qc4 23. Kf2 b4 24. Qd4 Qxd4 25. Bxd4 a4 26. Rhc1 Rfb8 27. Rc7 Bf5 28. Ra7 Rxa7 29. Bxa7 Ra8 30. Bd4 Bc2 31. Ke3 a3 32. Kd2 b3 33. Bd1 Bxd1 34. Rxd1 Ra4 35. Kc3 a2 36. Kb2 a1=Q+ 37. Rxa1 Rxd4 38. Kxb3 Rxf4 39. Re1 Kf8 40. Kc3 Rf2 41. Rg1 Re2 42. Kd3 Re5 43. Kd4 f5 44. h3 h5 {[%emt 0:00:00] normal} 0-1

[Event "-chT Youth Countries 2019"]
[Site "Wuerzburg"]
[Date "2019.10.03"]
[Round "3.3"]
[White "Stelmaszyk, Nico"]
[Black "Sulayev, Daniel"]
[Result "1/2-1/2"]
[ECO "B30"]
[WhiteElo "2190"]
[BlackElo "2149"]
[Annotator "NA"]
[PlyCount "109"]
[EventDate "2019.10.02"]
[EventType "team-tourn"]
[EventRounds "7"]
[EventCountry "GER"]
[SourceTitle "playchess.com"]
[Source "ChessBase"]
[SourceQuality "1"]
[WhiteTeam "Niedersachsen"]
[BlackTeam "Berlin"]
[TimeControl "40/5400+30:1800+30"]

1. e4 c5 2. Nf3 Nc6 3. c3 Nf6 4. e5 Nd5 5. d4 cxd4 6. Bc4 Nb6 7. Bb3 d6 8. exd6 Qxd6 9. Na3 Be6 10. Nb5 Qd7 11. Bxe6 Qxe6+ 12. Be3 Qd7 13. Nbxd4 e6 14. Qe2 Be7 15. Rd1 Nd5 16. O-O O-O 17. Bg5 Nxd4 18. Rxd4 Bxg5 19. Nxg5 h6 20. c4 hxg5 21. cxd5 exd5 22. Qd2 Rad8 23. Qxg5 Rfe8 24. Rfd1 Re6 25. Rxd5 Qxd5 26. Qxd8+ Qxd8 27. Rxd8+ Kh7 28. Kf1 Kg6 29. Rd7 Rb6 30. b3 a5 31. Rd4 Rc6 32. Ke2 Rc2+ 33. Rd2 Rc1 34. Kf3 a4 35. Kg4 Rb1 36. bxa4 Rb4+ 37. f4 Rxa4 38. Rb2 b5 39. g3 Ra3 40. Kh4 Ra4 41. Kh3 Ra3 42. Kg2 f6 43. Kf2 b4 44. Ke2 Kf5 45. Kd2 Kg4 46. Kc1 Kh3 47. Kb1 g5 48. Rxb4 Kxh2 49. fxg5 fxg5 50. g4 Kh3 51. Kb2 Rf3 52. a4 Rf4 53. Kc3 Kxg4 54. a5 Kg3 55. Rxf4 {[%emt 0:00:00] normal} 1/2-1/2

[Event "-chT Youth Countries 2019"]
[Site "Wuerzburg"]
[Date "2019.10.03"]
[Round "3.3"]
[White "Dahl, Christoph"]
[Black "Kololli, Martin"]
[Result "1-0"]
[ECO "C45"]
[WhiteElo "2178"]
[BlackElo "2310"]
[Annotator "NA"]
[PlyCount "112"]
[EventDate "2019.10.02"]
[EventType "team-tourn"]
[EventRounds "7"]
[EventCountry "GER"]
[SourceTitle "playchess.com"]
[Source "ChessBase"]
[SourceQuality "1"]
[WhiteTeam "Sachsen"]
[BlackTeam "Schleswig-Holstein"]
[TimeControl "40/5400+30:1800+30"]

1. e4 e5 2. Nf3 Nc6 3. d4 exd4 4. Nxd4 Bc5 5. Be3 Qf6 6. c3 Nge7 7. Bc4 Ne5 8. Be2 Qg6 9. O-O O-O 10. f4 Qxe4 11. Bf2 Qxf4 12. Nb5 Be3 13. Nxc7 Nf3+ 14. Bxf3 Bxf2+ 15. Rxf2 Qxc7 16. Na3 a6 17. Qd3 d5 18. Re1 Bf5 19. Rxe7 Qxe7 20. Qxf5 d4 21. cxd4 Qe1+ 22. Rf1 Qe3+ 23. Kh1 Qxd4 24. Bd5 Qxb2 25. Nc4 Qf6 26. Qxf6 gxf6 27. h3 Rac8 28. Nd6 Rcd8 29. Ne4 b5 30. Nxf6+ Kh8 31. Rf5 Rd6 32. g4 Rc8 33. g5 h6 34. h4 hxg5 35. hxg5 Kg7 36. Kg2 Kg6 37. Be4 Kg7 38. Nh5+ Kf8 39. Bd5 Rc7 40. Nf6 Re7 41. Kf3 Kg7 42. Kg4 Rb6 43. Rf1 a5 44. Kf5 Re2 45. Rh1 Rf2+ 46. Ke5 Re2+ 47. Be4 Re6+ 48. Kf5 Rf2+ 49. Kg4 Rxe4+ 50. Nxe4 Rxa2 51. Rf1 Ra4 52. Kf5 Rd4 53. Ke5 Rd7 54. Rc1 b4 55. Rc8 Rd1 {[%emt 0:00:19] normal} 56. Rb8 Rb1 {[%emt 0:00:53] normal} 1-0

[Event "-chT Youth Countries 2019"]
[Site "Wuerzburg"]
[Date "2019.10.03"]
[Round "3.3"]
[White "Gallasch, Jonas"]
[Black "Pallas, Sebastian"]
[Result "0-1"]
[ECO "A50"]
[WhiteElo "2099"]
[BlackElo "2291"]
[Annotator "NA"]
[PlyCount "104"]
[EventDate "2019.10.02"]
[EventType "team-tourn"]
[EventRounds "7"]
[EventCountry "GER"]
[SourceTitle "playchess.com"]
[Source "ChessBase"]
[SourceQuality "1"]
[WhiteTeam "Nordrhein-Westfalen"]
[BlackTeam "Sachsen-Anhalt"]
[TimeControl "40/5400+30:1800+30"]

1. d4 Nf6 2. c4 g6 3. h4 h6 4. Nc3 d5 5. cxd5 Nxd5 6. e4 Nxc3 7. bxc3 Bg7 8. Bc4 c5 9. Ne2 Nc6 10. Be3 Qa5 11. O-O O-O 12. Rb1 a6 13. Bd5 cxd4 14. cxd4 e6 15. Bxc6 bxc6 16. Qc1 e5 17. Qxc6 Bg4 18. f3 Qxa2 19. Rbe1 Rac8 20. Qb6 Bd7 21. d5 Bb5 22. Rf2 Rb8 23. Qa7 Ra8 24. Qe7 Rfe8 25. Qb4 Bf8 26. Qb1 Qxb1 27. Rxb1 f5 28. g3 fxe4 29. fxe4 Bd3 30. Rb6 Bxe4 31. Nc3 Bd3 32. Rd2 e4 33. Rxg6+ Kh7 34. Rb6 Bg7 35. Na4 Rf8 36. Rf2 Rxf2 37. Bxf2 Rd8 38. d6 Be5 39. Rb7+ Kg8 40. d7 Bb5 41. Nc5 Kf7 42. Kh2 Ke7 43. Be3 Kd6 44. Nxe4+ Kd5 45. Nc5 Bd6 46. Nb3 h5 47. Nd4 Rxd7 48. Rxd7 Bxd7 49. Kg2 Ke4 50. Bf2 a5 51. Nb3 a4 52. Nc5+ Bxc5 {normal} 0-1

[Event "-chT Youth Countries 2019"]
[Site "Wuerzburg"]
[Date "2019.10.03"]
[Round "3.3"]
[White "Popist, Florian"]
[Black "Goldbeck, Lars"]
[Result "1-0"]
[ECO "B90"]
[WhiteElo "2019"]
[BlackElo "2203"]
[Annotator "NA"]
[PlyCount "117"]
[EventDate "2019.10.02"]
[EventType "team-tourn"]
[EventRounds "7"]
[EventCountry "GER"]
[SourceTitle "playchess.com"]
[Source "ChessBase"]
[SourceQuality "1"]
[WhiteTeam "Hamburg/Schleswig-Holstein"]
[BlackTeam "Bayern 1"]
[TimeControl "40/5400+30:1800+30"]

1. e4 c5 2. Nf3 d6 3. d4 cxd4 4. Nxd4 Nf6 5. Nc3 a6 6. Be3 e5 7. Nb3 Be6 8. f3 h5 9. Qd2 Nbd7 10. O-O-O Be7 11. Kb1 Qc7 12. f4 b5 13. fxe5 dxe5 14. Nd5 Bxd5 15. exd5 Bd6 16. Qa5 Qb7 17. c4 bxc4 18. Bxc4 O-O 19. Rc1 Rfc8 20. Rhd1 Bb4 21. Qa4 Nc5 22. Bxc5 Bxc5 23. Na5 Qb6 24. Nc6 e4 25. a3 Rc7 26. b4 Bd6 27. g3 g6 28. Re1 Nd7 29. Ka2 f5 30. Qb3 Kh7 31. Qe3 Qxe3 32. Rxe3 Nb6 33. Kb3 Kg7 34. a4 Kf6 35. Re2 Nd7 36. Ra2 Rb7 37. Kc3 Ne5 38. Rb1 a5 39. b5 Nd7 40. Rc1 Be5+ 41. Kd2 Nc5 42. Ke3 g5 43. Kf2 f4 44. gxf4 gxf4 45. Rg1 Bd6 46. h4 f3 47. Ke3 Nxa4 48. Rxa4 Bc5+ 49. Nd4 f2 50. Rd1 Ke5 51. Bf1 Rf7 52. Ke2 Rg8 53. Nc6+ Kf4 54. Rc4 Bb6 55. d6 Rd7 56. Ne7 Rb8 57. Bh3 Rdd8 58. Nc6 Rbc8 59. Bxc8 {[%emt 0:00:13] normal} 1-0

[Event "-chT Youth Countries 2019"]
[Site "Wuerzburg"]
[Date "2019.10.03"]
[Round "3.3"]
[White "Wu, Leon"]
[Black "Richter, Nils"]
[Result "0-1"]
[ECO "B49"]
[WhiteElo "2009"]
[BlackElo "2213"]
[Annotator "NA"]
[PlyCount "111"]
[EventDate "2019.10.02"]
[EventType "team-tourn"]
[EventRounds "7"]
[EventCountry "GER"]
[SourceTitle "playchess.com"]
[Source "ChessBase"]
[SourceQuality "1"]
[WhiteTeam "Baden 2"]
[BlackTeam "Württemberg"]
[TimeControl "40/5400+30:1800+30"]

1. e4 c5 2. Nf3 e6 3. d4 cxd4 4. Nxd4 Nc6 5. Nc3 Qc7 6. Be3 a6 7. Be2 Nf6 8. O-O Be7 9. f4 d6 10. a4 O-O 11. Nb3 b6 12. Rc1 Bb7 13. Qe1 Nb8 14. Bf3 Nbd7 15. Qg3 Rab8 16. Kh1 Kh8 17. Rfe1 e5 18. Red1 Bc6 19. f5 Qb7 20. Nd2 b5 21. axb5 axb5 22. b4 Ra8 23. Nb3 Ra3 24. Na5 Qa8 25. Rd3 Rc8 26. h3 Bd8 27. Nxc6 Rxc6 28. Bd2 Nb6 29. Qe1 Qa6 30. Nd5 Nfxd5 31. exd5 Rc8 32. Be4 Ra2 33. Rf3 Bf6 34. g4 h6 35. g5 hxg5 36. Qg1 Rc4 37. Bd3 Rf4 38. Bxf4 gxf4 39. Be4 Nc4 40. Rd3 Qa4 41. Qe1 Kg8 42. Rb3 Bg5 43. h4 Bd8 44. Rh3 Ne3 45. Qc3 Nc4 46. Qe1 Ne3 47. h5 Qa7 48. Qg1 Qd4 49. Bg2 Nxf5 50. Qxd4 Nxd4 51. Bf1 Bg5 52. c3 Ne2 53. Rd1 Ng3+ 54. Kg1 Bd8 55. Bg2 Bb6+ 56. Kh2 {[%emt 0:00:01] normal} 0-1

[Event "-chT Youth Countries 2019"]
[Site "Wuerzburg"]
[Date "2019.10.03"]
[Round "3.3"]
[White "Lohr, Maximilian"]
[Black "Wu, Luka"]
[Result "1-0"]
[ECO "B99"]
[WhiteElo "1996"]
[BlackElo "2117"]
[Annotator "NA"]
[PlyCount "99"]
[EventDate "2019.10.02"]
[EventType "team-tourn"]
[EventRounds "7"]
[EventCountry "GER"]
[SourceTitle "playchess.com"]
[Source "ChessBase"]
[SourceQuality "1"]
[WhiteTeam "Bayern 2"]
[BlackTeam "Baden 1"]
[TimeControl "40/5400+30:1800+30"]

1. e4 c5 2. Nf3 d6 3. d4 cxd4 4. Nxd4 Nf6 5. Nc3 a6 6. Bg5 e6 7. f4 Nbd7 8. Qf3 Be7 9. O-O-O Qc7 10. g4 b5 11. Bxf6 Nxf6 12. g5 Nd7 13. Kb1 Bb7 14. Bh3 g6 15. Rhe1 O-O-O 16. Bxe6 fxe6 17. Nxe6 Qc6 18. Nd5 Rde8 19. Nd4 Qc4 20. b3 Qc5 21. Ne6 Qa3 22. Qc3+ Nc5 23. Nxe7+ Kb8 24. Nxc5 Qxc5 25. Qxc5 dxc5 26. Nd5 Bxd5 27. exd5 Kc7 28. c4 Kd6 29. Kc2 Rhf8 30. Rxe8 Rxe8 31. Kd3 Kd7 32. h4 Rf8 33. Rf1 Rf7 34. Ke4 Re7+ 35. Kf3 Re8 36. h5 bxc4 37. bxc4 Rb8 38. hxg6 hxg6 39. Rh1 Rb4 40. Rh7+ Kd6 41. Rh6 Rxc4 42. Rxg6+ Kxd5 43. Rxa6 Rc1 44. g6 Rf1+ 45. Kg4 Rg1+ 46. Kf5 c4 47. Ra8 Kd6 48. Kf6 Kd7 49. g7 c3 50. g8=Q {[%emt 0:00:08] normal} 1-0